 Dungeon Crawl Stone Soup version 0.29-a0-330-g52719c12eb (webtiles) character file.

Game seed: 7440347619470605897

2716 kae the Firebug (level 9, -1/72 HPs)
             Began as a Demigod Fire Elementalist on May 31, 2022.
             Slain by a gnoll
             ... wielding a +0 flail
              (6 damage)
             ... on level 8 of the Dungeon.
             The game lasted 00:08:21 (10322 turns).

kae the Firebug (Demigod Fire Elementalist)        Turns: 10322, Time: 00:08:22

Health: -1/72      AC:  3    Str:  9    XL:     9   Next: 17%
Magic:  0/19       EV: 12    Int: 29    God:
Gold:   172        SH:  0    Dex: 14    Spells: 8/17 levels left

rFire   + . .      SeeInvis +   p - +2 war axe (flame)
rCold   x . .      Faith    .   (no shield)
rNeg    . . .      Spirit   +   a - +0 robe
rPois   .          Reflect  .   (no helmet)
rElec   .          Harm     .   u - +0 cloak
rCorr   .          Rampage  .   (no gloves)
Will    .....                   (no boots)
Stlth   ++........              t - amulet of guardian spirit
HPRegen 0.22/turn               y - ring of see invisible
MPRegen 0.16/turn               o - ring of fire

@: no status effects
A: high MP 1, forlorn, divine attributes
a: no special abilities


You were on level 8 of the Dungeon.
You visited 1 branch of the dungeon, and saw 8 of its levels.

You collected 241 gold pieces.
You spent 69 gold pieces at shops.

Inventory:

Hand Weapons
 f - a +0 dagger
 h - a +1 short sword of draining
 p - a +2 war axe of flaming (weapon)
Armour
 a - a +0 robe (worn)
 u - a +0 cloak (worn)
Jewellery
 e - a +6 ring of strength
 m - a ring of positive energy
 o - a ring of fire (right hand)
 t - an amulet of guardian spirit (around neck)
 y - a ring of see invisible (left hand)
 H - a ring of fire
Wands
 g - a wand of charming (12)
 C - a wand of iceblast (11)
 I - a wand of flame (21)
Scrolls
 c - a scroll of blinking
 r - 3 scrolls of magic mapping
 s - 3 scrolls of fear
 z - a scroll of amnesia
 B - a scroll of immolation
 G - a scroll of silence
Potions
 d - a potion of resistance
 i - a potion of lignification
 j - 2 potions of mutation
 k - a potion of heal wounds
 l - 2 potions of haste
 n - a potion of flight
 q - a potion of brilliance
 v - 2 potions of curing
 w - 3 potions of might
 x - a potion of berserk rage
 D - a potion of cancellation


   Skills:
 + Level 4.4 Fighting
 + Level 2.7 Dodging
 - Level 1.7 Stealth
 + Level 4.6 Spellcasting
 * Level 6.7 Conjurations
 * Level 7.2 Fire Magic


You had 8 spell levels left.
You knew the following spells:

 Your Spells              Type           Power      Damage    Failure   Level
a - Foxfire               Conj/Fire      100%       2x1d9     1%          1
b - Scorch                Fire           100%       2d10      1%          2
c - Conjure Flame         Conj/Fire      63%        6-21      1%          3
d - Inner Flame           Hex/Fire       41%        N/A       4%          3

Your spell library contained the following spells:

 Spells                   Type           Power      Damage    Failure   Level
 Flame Wave               Conj/Fire      63%        2d12      3%          4
 Blink                    Tloc           12%        N/A       10%         2
 Iskenderun's Battlesphe  Conj           45%        2d10      12%         5
 Gell's Gravitas          Tloc           6%         N/A       19%         3
 Lesser Beckoning         Tloc           6%         N/A       19%         3
 Teleport Other           Tloc           6%         N/A       19%         3
 Manifold Assault         Tloc           6%         N/A       87%         5
 Iron Shot                Conj/Erth      13%        9d3       94%         6
 Dispersal                Tloc           3%         N/A       100%        6
 Spellforged Servitor     Conj/Summ      13%        N/A       100%        7


Dungeon Overview and Level Annotations

Branches:
Dungeon (8/15)             Temple (0/1) D:6
   Lair: D:8-11

Shops:
D:2 *   D:6 (

Annotations:
D:5 Pikel
D:7 exclusions: door and 1 more exclusion


Innate Abilities, Weirdness & Mutations

You have an increased reservoir of magic. (+10% MP)
You shall have no god before yourself.
Your divine heritage dramatically boosts your attributes as you level up.


Message History

Confirm with . or Enter, or press ? or * to list all spells.
You feel a surge of power!
You conjure some foxfire!
The foxfire hits the gnoll.
The gnoll is moderately wounded.
The gnoll hits you from afar with a +0 spear!
The gnoll hits you with a +0 flail.
The gnoll hits you from afar with a +0 spear!
Casting: Foxfire (safe; 1% risk of failure)
Confirm with . or Enter, or press ? or * to list all spells.
You feel a surge of power!
You conjure some foxfire!
Your foxfire dissipates!
The gnoll hits you with a +0 flail! The gnoll barely misses you.
The foxfire hits the gnoll but does no damage.
The gnoll is moderately wounded.
The foxfire hits the gnoll.
The gnoll is moderately wounded.
The gnoll hits you with a +0 flail!
The gnoll hits you from afar with a +0 spear.
Casting: Foxfire (safe; 1% risk of failure)
Confirm with . or Enter, or press ? or * to list all spells.
You feel a surge of power!
You conjure some foxfire!
The gnoll hits you with a +0 flail!
* * * LOW HITPOINT WARNING * * *
The gnoll hits you from afar with a +0 spear!
* * * LOW HITPOINT WARNING * * *
The gnoll barely misses you.
The foxfire hits the gnoll.
The gnoll is lightly wounded.
The gnoll hits you but does no damage.
Casting: Foxfire (safe; 1% risk of failure)
Confirm with . or Enter, or press ? or * to list all spells.
You feel a surge of power!
Flames lash the gnoll.
The gnoll is severely wounded.
The gnoll's fire resistance burns away.
The foxfire hits the gnoll!
The gnoll is almost dead.
The gnoll hits you from afar with a +0 spear!
* * * LOW HITPOINT WARNING * * *
The gnoll closely misses you. The gnoll hits you with a +0 flail.
You die...

........)..........
......#....#....###.....
......+....'....+.......
###...#....#....#.......
#...#.......###.......
#........#....#.......
#.....#.......#g......
.....#.#.....#g......
.....#.#.....@gg.....
.... #.#.............
.............##.
#.###.###....# #. #.
....# ## #####


You could see 4 gnolls.

Vanquished Creatures
  An unseen horror (D:7)
  Grinder (D:6)
  A steam dragon (D:8)
  An acid dragon (D:8)
  An orc warrior (D:8)
  2 black bears
  A sky beast (D:6)
  2 ogres
  3 lemures
  2 phantoms
  A kobold brigand (D:7)
  3 bullfrogs
  2 necrophages
  4 scorpions
  A howler monkey (D:6)
  A gnoll shaman (D:7)
  2 jellies
  A hound (D:7)
  2 orc priests
  2 iguanas
  Natasha (thrice) (D:3)
  An orc wizard (D:6)
  12 gnolls
  10 adders
  A shadow imp (D:6)
  2 ufetubi
  2 worms
  A dart slug (D:3)
  22 orcs
  6 ball pythons
  6 endoplasms
  A giant cockroach (D:2)
  8 goblins
  7 hobgoblins
  5 jackals
  2 quokkas
  5 bats
  4 frilled lizards (D:1)
  6 kobolds
  5 rats
143 creatures vanquished.

Vanquished Creatures (others)
  427 foxfires
427 creatures vanquished.

Grand Total: 570 creatures vanquished

Notes
Turn   | Place    | Note
-------+----------+-------------------------------------------
     0 | D:1      | kae the Demigod Fire Elementalist began the quest for the
                  | Orb.
     0 | D:1      | Reached XP level 1. HP: 14/14 MP: 5/5
    96 | D:1      | Reached skill level 1 in Conjurations
   303 | D:1      | Reached XP level 2. HP: 14/22 MP: 1/7
   562 | D:1      | Reached skill level 3 in Fire Magic
  1195 | D:1      | Learned a level 2 spell: Scorch
  1850 | D:2      | Reached XP level 3. HP: 27/27 MP: 5/8
  1855 | D:2      | Reached skill level 1 in Fighting
  2138 | D:2      | Found Entyesso's Assorted Antiques.
  2152 | D:2      | Bought a glowing brown potion for 22 gold pieces
  2152 | D:2      | Bought a sedimented amethyst potion for 22 gold pieces
  2152 | D:2      | Bought a scroll labelled KOGOLIETOTO for 25 gold pieces
  2806 | D:3      | Reached XP level 4. HP: 35/35 MP: 8/10
  2831 | D:3      | Learned a level 3 spell: Conjure Flame
  3004 | D:3      | Noticed Natasha
  3007 | D:3      | Killed Natasha
  3031 | D:3      | Noticed Natasha
  3128 | D:3      | Killed Natasha
  3195 | D:3      | Noticed Natasha
  3204 | D:3      | Killed Natasha
  3205 | D:3      | Reached XP level 5. HP: 21/40 MP: 3/11
  3420 | D:3      | Found a glowing drain.
  3989 | D:3      | Reached skill level 4 in Fire Magic
  4230 | D:4      | Noticed an ogre
  4236 | D:4      | Killed an ogre
  4237 | D:4      | Reached XP level 6. HP: 48/48 MP: 3/13
  5247 | D:4      | Reached XP level 7. HP: 56/56 MP: 10/14
  5473 | D:5      | Entered Level 5 of the Dungeon
  5626 | D:5      | Reached skill level 5 in Fire Magic
  5827 | D:5      | Learned a level 3 spell: Inner Flame
  5929 | D:5      | Noticed Pikel
  6937 | D:6      | Found Irghir's Antique Weapon Shop.
  7088 | D:6      | Reached skill level 5 in Conjurations
  7174 | D:6      | Noticed Grinder
  7175 | D:6      | Reached XP level 8. HP: 58/63 MP: 10/16
  7188 | D:6      | Killed Grinder
  7189 | D:6      | Reached skill level 6 in Fire Magic
  7427 | D:6      | Found a staircase to the Ecumenical Temple.
  9222 | D:7      | Noticed an unseen horror
  9241 | D:7      | Killed an unseen horror
  9992 | D:8      | Reached skill level 7 in Fire Magic
  9992 | D:8      | Reached XP level 9. HP: 26/71 MP: 12/19
 10322 | D:8      | Slain by a gnoll

Illustrated notes

Levels and vault maps discovered:
D:1:      ncdulo_wetmaze, layout_rooms, minmay_misc_feat_plants
D:2:      layout_rooms, serial_aquarium, aquarium_bridge_long_separate
          [aquarium_subvault_wall, aquarium_subvault_window,
          aquarium_subvault_bridge, aquarium_subvault_wall,
          aquarium_subvault_bridge, aquarium_subvault_wall],
          aquarium_window_corridor_2, aquarium_window_double,
          aquarium_window_fake, aquarium_view_4, aquarium_view_2e,
          aquarium_balcony_5b, aquarium_pool_split, serial_shops, shop
D:3:      layout_loops_cross, portal_sewer_entry_d, uniq_natasha
D:4:      layout_cave_pools
D:5:      nicolae_BIG_FREAKIN_CUBE, layout_loops_corners, uniq_pikel
D:6:      layout_loops_ring, temple_fountains, serial_shops, nicolae_shop_trees,
          uniq_grinder
D:7:      layout_layer_cave, kennysheep_generic_room_16
D:8:      layout_basic, serial_curves, eino_curves_04, eino_curves_02,
          eino_curves_01

Skill      XL: |  1  2  3  4  5  6  7  8 |
---------------+-------------------------+-----
Conjurations   | 1 2 3 4 5 6 |  6.7
Fire Magic     | 3 4 5 7 |  7.2
Spellcasting   | 2 3 4 |  4.6
Fighting       | 1 2 3 4 |  4.4
Dodging        | 2 |  2.7
Stealth        | |  1.7

Action                   |  1- 3 |  4- 6 |  7- 9 || total
-------------------------+-------+-------+-------++-------
Melee: Dagger            |     8 |       |       ||     8
       War axe           |       |     6 |    18 ||    24
 Cast: Foxfire           |    68 |    85 |    94 ||   247
       Scorch            |    11 |    25 |    61 ||    97
       Conjure Flame     |       |       |     3 ||     3
       Inner Flame       |       |       |     1 ||     1
  Use: Potion            |     1 |       |     3 ||     4
       Scroll            |     6 |     3 |    13 ||    22
 Stab: Sleeping          |     1 |       |       ||     1
Armor: Robe              |     9 |    13 |    18 ||    40
Dodge: Dodged            |    32 |    50 |    85 ||   167

Table legend: (Time is in decaauts)
 A = Elapsed time spent in this place.
 B = Non-inter-level travel time spent in this place.
 C = Inter-level travel time spent in this place.
 D = Time resting spent in this place.
 E = Time spent auto-exploring this place.
 F = Levels seen in this place.
 G = Mean time per level.
                   A        B        C        D        E       F      G
               +--------+--------+--------+--------+--------+-----+--------+
         Total |  10350 |  10126 |    224 |   1123 |   7678 |   8 | 1293.8 |
       Dungeon |  10350 |  10126 |    224 |   1123 |   7678 |   8 | 1293.8 |
               +--------+--------+--------+--------+--------+-----+--------+

Top non-repeatable levels by time:
     D:7: 2058 daAuts
     D:4: 1622 daAuts
     D:1: 1572 daAuts
     D:2: 1327 daAuts
     D:3: 1249 daAuts
     D:6: 1160 daAuts
     D:5: 898 daAuts
     D:8: 460 daAuts
